 Dungeon Crawl Stone Soup version 0.28-a0-8-g6e044cfa68 (webtiles) character file.

Game seed: 1721989184130537483

82 Shayle the Cudgeller (level 4, 0/44 HPs)
             Began as an Ogre Warper on July 25, 2021.
             Succumbed to an adder's poison
             ... on level 2 of the Dungeon.
             The game lasted 00:06:59 (2008 turns).

Shayle the Cudgeller (Ogre Warper)                  Turns: 2008, Time: 00:07:00

Health: 0/44       AC:  3    Str: 13 (15) XL:     4   Next: 43%
Magic:  7/7        EV:  9    Int: 10 (13) God:
Gold:   44         SH:  0    Dex:  5 (8)  Spells: 2/7 levels left

rFire   . . .      SeeInvis .   a - +0 mace
rCold   . . .      Faith    .   (no shield)
rNeg    . . .      Spirit   .   b - +0 robe
rPois   .          Reflect  .   (helmet restricted)
rElec   .          Harm     .   (no cloak)
rCorr   .          Rampage  .   (gloves unavailable)
Will    +....                   (boots unavailable)
Stlth   +.........              (no amulet)
HPRegen 0.14/turn               (no ring)
MPRegen 0.10/turn               (no ring)

@: brilliant, lethally poisoned (0 -> -4), flying
A: large, unfitting armour, tough skin 1, talons 1, dopey 1, strong-willed 1,
screaming 1
a: no special abilities


You were on level 2 of the Dungeon.
You visited 1 branch of the dungeon, and saw 2 of its levels.

You collected 44 gold pieces.

Inventory:

Hand Weapons
 a - a +0 mace (weapon)
Armour
 b - a +0 robe (worn)
Scrolls
 c - 3 scrolls of summoning {unknown}
 d - a scroll of amnesia {unknown}
 g - a scroll of fog {unknown}
 j - a scroll of identify {unknown}
Potions
 f - a potion of mutation


   Skills:
 - Level 2.6 Fighting
 + Level 4.1 Maces & Flails
 - Level 1.0 Throwing
 - Level 2.1 Dodging
 - Level 2.4 Spellcasting
 - Level 2.6 Translocations


You had 2 spell levels left.
You knew the following spells:

 Your Spells              Type           Power      Damage    Failure   Level
a - Blink                 Tloc           N/A        N/A       16%         2
b - Teleport Other        Tloc           9%         N/A       30%         3

Your spell library contained the following spells:

 Spells                   Type           Power      Damage    Failure   Level
 Gell's Gravitas          Tloc           4%         N/A       30%         3
 Lesser Beckoning         Tloc           4%         N/A       30%         3
 Manifold Assault         Tloc           9%         N/A       95%         5


Dungeon Overview and Level Annotations

Branches:
Dungeon (2/15)

Altars:


Innate Abilities, Weirdness & Mutations

You are too large for most types of armour.
You have tough skin. (AC +1)
You have sharp toenails.
You are dopey. (Int -2)
You are strong-willed. (Will+)
You occasionally shout uncontrollably at your foes.


Message History

You feel sick. The adder barely misses you. The adder bites you.
You are more poisoned.
The adder poisons you!
Unknown command.
You closely miss the adder.
The adder is moderately wounded.
You feel sick. The adder bites you but does no damage.
You barely miss the adder. Your kick misses the adder.
The adder is moderately wounded.
You feel sick. The adder bites you. The adder closely misses you.
You miss the adder.
The adder is moderately wounded.
You feel sick. The adder bites you.
You are more poisoned.
The adder poisons you!
You miss the adder. Your kick misses the adder.
The adder is moderately wounded.
You feel sick.
The adder bites you but does no damage. x2
You closely miss the adder.
The adder is moderately wounded.
You feel sick. The adder barely misses you.
You hit the adder.
The adder is heavily wounded.
You feel sick. The adder bites you but does no damage. The adder bites you.
* * * LOW HITPOINT WARNING * * *
You are more poisoned.
The adder poisons you!
You hit the adder but do no damage.
The adder is heavily wounded.
* * * LOW HITPOINT WARNING * * *
You feel sick. The adder bites you.
* * * LOW HITPOINT WARNING * * *
You closely miss the adder.
The adder is heavily wounded.
* * * LOW HITPOINT WARNING * * *
You feel sick. The adder barely misses you. The adder bites you.
* * * LOW HITPOINT WARNING * * *
You barely miss the adder. Your kick misses the adder.
The adder is heavily wounded.
You die...

# #.....# .... # ###...##
#..# ## # ####....####..#
.S
#######.............###.#
.....<........####......#
#######.####.........##
#.# #..........## #.#
#.#####(#...# #.#
#....@S......... #.#
#######..#..#### #.#
#..#.## #.# #....# #.#
#..#.# #.# #. .. #.. #
###


You could see an adder.

Vanquished Creatures
  Natasha (D:2)
  A gnoll (D:1)
  2 dart slugs
  3 endoplasms
  3 giant cockroaches (D:1)
  5 goblins (D:1)
  4 hobgoblins (D:1)
  6 jackals (D:1)
  3 ball pythons (D:1)
  3 bats
  A frilled lizard (D:1)
  3 kobolds
  7 rats
42 creatures vanquished.

Notes
Turn   | Place    | Note
-------+----------+-------------------------------------------
     0 | D:1      | Shayle the Ogre Warper began the quest for the Orb.
     0 | D:1      | Reached XP level 1. HP: 22/22 MP: 3/3
    86 | D:1      | Reached skill level 2 in Maces & Flails
   421 | D:1      | Reached XP level 2. HP: 22/29 MP: 5/5
   820 | D:1      | Reached skill level 3 in Maces & Flails
   891 | D:2      | Reached XP level 3. HP: 30/36 MP: 6/6
  1162 | D:1      | Found a faded altar of an unknown god.
  1690 | D:2      | Learned a level 2 spell: Blink
  1694 | D:2      | Learned a level 3 spell: Teleport Other
  1755 | D:2      | Noticed Natasha
  1763 | D:2      | Killed Natasha
  1764 | D:2      | Reached skill level 4 in Maces & Flails
  1764 | D:2      | Reached XP level 4. HP: 25/44 MP: 7/7
  1993 | D:2      | Gained mutation: You have sharp toenails. [potion of
                  | mutation]
  1993 | D:2      | Gained mutation: You occasionally shout uncontrollably at
                  | your foes. [potion of mutation]
  1993 | D:2      | Gained mutation: You are dopey. (Int -2) [potion of
                  | mutation]
  1993 | D:2      | Gained mutation: You are strong-willed. (Will+) [potion of
                  | mutation]
  2007 | D:2      | HP: 1/44 [adder (2)]
  2008 | D:2      | Succumbed to an adder's poison

Illustrated notes

Levels and vault maps discovered:
D:1:      nzn_arrival_settlement, layout_basic, basic_ecumenical_altar,
          minmay_misc_feat_rugged
D:2:      layout_loops_ring, uniq_natasha

Skill      XL: |  1  2  3 |
---------------+----------+-----
Maces & Flails | 2 3 4 |  4.1
Fighting       | |  2.6
Throwing       | |  1.0
Dodging        | |  2.1
Spellcasting   | |  2.4
Translocations | |  2.6

Action                   |  1- 3 |  4- 6 || total
-------------------------+-------+-------++-------
Melee: Mace              |   140 |    20 ||   160
       Kick              |       |     1 ||     1
Throw: Boomerang         |     5 |       ||     5
       Javelin           |     4 |     2 ||     6
  Use: Scroll            |     1 |       ||     1
       Potion            |       |     5 ||     5
Armor: Robe              |    60 |     8 ||    68
Dodge: Dodged            |    92 |    13 ||   105

Table legend: (Time is in decaauts)
 A = Elapsed time spent in this place.
 B = Non-inter-level travel time spent in this place.
 C = Inter-level travel time spent in this place.
 D = Time resting spent in this place.
 E = Time spent auto-exploring this place.
 F = Levels seen in this place.
 G = Mean time per level.
                   A        B        C        D        E       F      G
               +--------+--------+--------+--------+--------+-----+--------+
         Total |   2054 |   2032 |     22 |    618 |    780 |   2 | 1027.0 |
       Dungeon |   2054 |   2032 |     22 |    618 |    780 |   2 | 1027.0 |
               +--------+--------+--------+--------+--------+-----+--------+

Top non-repeatable levels by time:
     D:1: 1667 daAuts
     D:2: 387 daAuts
